 Dungeon Crawl Stone Soup version 0.31-a0-1469-gd420192 (webtiles) character file.

Game seed: 4785715526756493156

1010 PublicAnimeNo1 the Chiller (level 8, -4/59 HPs)
             Began as a Demonspawn Ice Elementalist on Dec 28, 2023.
             Slain by a yak (8 damage)
             ... on level 5 of the Dungeon.
             The game lasted 00:10:21 (4734 turns).

PublicAnimeNo1 the Chiller (DsIE)                   Turns: 4734, Time: 00:10:21

Health: -4/59      AC:  5    Str:  8    XL:     8   Next: 1%
Magic:  6/13       EV: 12    Int: 18    God:
Gold:   363        SH:  4    Dex: 14    Spells: 6/14 levels left

rFire   . . .        j - +4 whip
rCold   . . .        (no shield)
rNeg    . . .        a - +0 robe
rPois   .            c - +2 hat
rElec   .            (no cloak)
rCorr   .            (no gloves)
SInv    .            k - +0 pair of boots
Will    .....        (no amulet)
Stlth   +++          (no ring)
HPRegen 0.29/turn    (no ring)
MPRegen 0.13/turn

%: no passive effects
@: freezing walls
A: large bone plates 1, powered by pain 2, spiny 1, weakness stinger 1
a: no special abilities


You were on level 5 of the Dungeon.
You visited 1 branch of the dungeon, and saw 5 of its levels.
You also visited: Sewer.

You collected 391 gold pieces.
You spent 28 gold pieces at shops.

Inventory:

Hand Weapons
 e - a +0 spear
 i - a +0 rapier
 j - a +4 whip (weapon)
Armour
 a - a +0 robe (worn)
 c - a +2 hat (worn)
 k - a +0 pair of boots (worn)
Magical Staves
 v - a staff of air
Jewellery
 h - a +6 ring of intelligence
 n - a ring of wizardry
 p - a ring of poison resistance
Scrolls
 f - 2 scrolls of revelation
 q - a scroll of noise
 r - a scroll of brand weapon {unknown}
 s - a scroll of immolation {unknown}
 w - 2 scrolls of blinking
 x - a scroll of fog {unknown}
 y - a scroll of fear {unknown}
 A - a scroll of identify
Potions
 d - a potion of resistance
 g - a potion of mutation
 o - a potion of curing
 t - a potion of berserk rage {unknown}
 u - a potion of ambrosia {unknown}
 z - a potion of enlightenment {unknown}


   Skills:
 + Level 3.6 Fighting
 - Level 1.7 Dodging
 + Level 4.1 Stealth
 + Level 3.9 Spellcasting
 + Level 3.0 Summonings
 * Level 6.1 Ice Magic


You had 6 spell levels left.
You knew the following spells:

 Your Spells              Type           Power      Damage    Failure   Level
a - Freeze                Ice            100%       1d10      1%          1
b - Frozen Ramparts       Ice            50%        1d8       3%          3
c - Summon Ice Beast      Ice/Summ       20%        N/A       7%          3
d - Summon Small Mammal   Summ           56%        N/A       4%          1

Your spell library contained the following spells:

 Spells                   Type           Power      Damage    Failure   Level
 Ozocubu's Armour         Ice            25%        N/A       3%          3
 Apportation              Tloc           6%         N/A       16%         1
 Necrotise                Necr           12%        1d4       16%         1
 Sting                    Conj/Alch      12%        1d3       16%         1
 Blink                    Tloc           6%         N/A       22%         2
 Lesser Beckoning         Tloc           6%         N/A       22%         2
 Momentum Strike          Conj/Tloc      6%         3d8       22%         2
 Gell's Gravitas          Tloc           3%         N/A       41%         3
 Teleport Other           Tloc           3%         N/A       41%         3
 Summon Blazeheart Golem  Fire/Summ      9%         N/A       61%         4
 Dispersal                Tloc           1%         N/A       100%        6
 Orb of Destruction       Conj           1%         9d5       100%        7
 Spellforged Servitor     Conj/Summ      4%         N/A       100%        7


Dungeon Overview and Level Annotations

Branches:
Dungeon (5/15)              Sewer (visited)
 Temple: D:4-7

Altars:
Gozag
Ru
Sif Muna
Wu Jian

Shops:
D:4 :   D:5 ?

Annotations:
D:3 2 exclusions


Innate Abilities, Weirdness & Mutations

You are partially covered in large bone plates. (SH +4)
You sometimes gain power by taking damage.
You are partially covered in sharp spines.
You have a small tail.


Message History

Magic courses through your body. You block the yak's attack.
The yak looks even sicker.
The yak gores you!
The yak is engulfed in poison gas.
The yak is poisoned.
Casting: Freeze (safe; 1% risk of failure)
Confirm with . or Enter, or press ? or * to list all spells.
Casting: Frozen Ramparts (dangerous; 3% risk of failure)
Press: ? - help, Dir - look around, f - activate Look: a yak (poison gas, moderately wounded, very poisoned)
The walls around you are covered in ice.
The wall freezes the yak but does no damage.
The yak is struck by your spines. The yak misses you.
The wall freezes the yak.
The yak is engulfed in poison gas.
The yak looks as sick as possible!
The wall freezes the yak.
The yak is struck by your spines. The yak gores you.
The yak is engulfed in poison gas.
The yak looks even sicker.
The wall freezes the yak but does no damage.
The yak is struck by your spines. The yak gores you.
Casting: Frozen Ramparts (dangerous; 3% risk of failure)
Confirm with . or Enter, or press ? or * to list all spells.
A chill wind blows around you.
The wall freezes the yak but does no damage.
The yak is struck by your spines. The yak gores you but does no damage.
The yak is engulfed in poison gas.
The yak is poisoned.
The wall freezes the yak but does no damage.
The yak is engulfed in poison gas.
The yak looks as sick as possible!
The wall freezes the yak.
The yak is struck by your spines. The yak gores you.
The yak is engulfed in poison gas.
The yak looks even sicker.
The wall freezes the yak.
The yak is struck by your spines. The yak gores you!
* * * LOW HITPOINT WARNING * * *
Aiming: Freeze (safe; 1% risk of failure)
Press: ? - help, Q - select action, (/) - cycle Shift-Dir - straight line, f/p - yak
Aim: a yak (poison gas, almost dead, extremely poisoned)
You freeze the yak!
You kill the yak!
The wall freezes the yak but does no damage.
The yak is struck by your spines. The yak gores you!
* * * LOW HITPOINT WARNING * * *
The yak is engulfed in poison gas.
The yak looks even sicker.
The wall freezes the yak.
The yak is engulfed in poison gas.
The yak looks as sick as possible!
The wall freezes the yak.
The yak gores you!
You die...

#.# ... #.# #.# #§# #.# #.#
#☼# #.# #.# #§# ##### #.#
#.# #§# ....# #.# #.# #§#
###.# #.# #.# #§#
###.#####§###§###Y########Y.
...[.....§☼§§§§Y@Y§..)§§..Y#
#.
.############§###Y###§####.#
#.# )......# #.# #☼# .# #.#
######.# #.###§# .# #.. #.#
#....☼# .# ##.. #.# #.#####
.# #... #.# #.# .# .####..
#.# #.# .# .......
#####.######.# #######


You could see 3 yaks and a friendly ice beast (summoned).

Vanquished Creatures
  3 yaks (D:5)
  A water moccasin (D:5)
  A black bear (D:5)
  An ogre (D:4)
  A bullfrog (Sewer)
  2 hounds (D:5)
  Jessica (D:2)
  11 adders
  2 shadow imps (D:5)
  2 worms
  2 dart slugs (D:2)
  9 orcs
  A bat (D:2)
  4 endoplasms
  6 giant cockroaches
  10 goblins
  4 hobgoblins
  3 jackals (D:2)
  7 kobolds
  7 quokkas
  7 ball pythons
  5 frilled lizards
  6 rats
96 creatures vanquished.

Vanquished Creatures (collateral kills)
  A scorpion (D:5)
  An orc wizard (D:5)
2 creatures vanquished.

Grand Total: 98 creatures vanquished

Notes
Turn   | Place    | Note
-------+----------+-------------------------------------------
     0 | D:1      | PublicAnimeNo1 the Demonspawn Ice Elementalist began the
                  | quest for the Orb.
     0 | D:1      | Reached XP level 1. HP: 13/13 MP: 3/3
   262 | D:1      | Gained mutation: You have a small tail. [demonic ancestry]
   262 | D:1      | Reached XP level 2. HP: 20/20 MP: 1/5
   691 | D:1      | You fall into a shaft and drop 1 floor!
   709 | D:2      | Reached skill level 4 in Ice Magic
   710 | D:2      | Reached skill level 1 in Fighting
   855 | D:2      | Gained mutation: You are partially covered in large bone
                  | plates. (SH +4) [demonic ancestry]
   855 | D:2      | Reached XP level 3. HP: 26/26 MP: 4/6
   917 | D:2      | Noticed Jessica
   927 | D:2      | Killed Jessica
   994 | D:2      | Gained mutation: You sometimes gain a little power by
                  | taking damage. [demonic ancestry]
   994 | D:2      | Reached XP level 4. HP: 31/32 MP: 3/7
  1101 | D:2      | Learned a level 3 spell: Frozen Ramparts
  1105 | D:2      | Learned a level 3 spell: Summon Ice Beast
  2373 | D:3      | Learned a level 1 spell: Summon Small Mammal
  2757 | D:4      | Found an ornate altar of the Wu Jian Council.
  2809 | D:4      | Found a glowing drain.
  2818 | Sewer    | Entered a sewer
  2853 | Sewer    | Reached skill level 1 in Summonings
  2853 | Sewer    | Gained mutation: You sometimes gain power by taking damage.
                  | [demonic ancestry]
  2853 | Sewer    | Reached XP level 5. HP: 35/38 MP: 3/9
  3445 | D:4      | Noticed an ogre
  3456 | D:4      | Killed an ogre
  3457 | D:4      | Reached skill level 5 in Ice Magic
  3457 | D:4      | Reached XP level 6. HP: 45/45 MP: 5/10
  3542 | D:4      | Found a sacrificial altar of Ru.
  3706 | D:4      | Found Pakicwor's Book Shoppe.
  3769 | D:5      | Entered Level 5 of the Dungeon
  3909 | D:5      | Found Covir's Magic Scroll Shoppe.
  3951 | D:5      | Bought a scroll of identify for 28 gold pieces
  4236 | D:5      | Noticed a yak
  4236 | D:5      | Noticed a yak
  4237 | D:5      | Noticed a yak
  4237 | D:5      | Noticed a yak
  4239 | D:5      | Noticed a yak
  4242 | D:5      | Noticed a water moccasin
  4243 | D:5      | Noticed a yak
  4247 | D:5      | Killed a water moccasin
  4248 | D:5      | Gained mutation: You are partially covered in sharp spines.
                  | [demonic ancestry]
  4248 | D:5      | Reached XP level 7. HP: 19/51 MP: 12/12
  4455 | D:5      | Found an opulent altar of Gozag.
  4623 | D:5      | Found a shimmering blue altar of Sif Muna.
  4720 | D:5      | Killed a yak
  4724 | D:5      | Killed a yak
  4725 | D:5      | Reached skill level 6 in Ice Magic
  4726 | D:5      | Reached XP level 8. HP: 49/59 MP: 1/13
  4734 | D:5      | Slain by a yak

Illustrated notes

Levels and vault maps discovered:
D:1:      psy_arrival_conway, layout_loops_ring, supply_closet_lemuel,
          minmay_misc_feat_rows, minmay_misc_feat_square
D:2:      layout_loops_ring, grunt_decor_mini_mirrors, hangedman_decor_points,
          minmay_misc_feat_columns, uniq_crazy_yiuf_cottage, uniq_jessica
D:3:      layout_loops_ring
D:4:      layout_loops_ring, mainiacjoe_overflow_catwalk,
          nicolae_ru_sacrificial_ziggurat, portal_sewer_entry_d, serial_shops,
          shop
D:5:      layout_loops_ring, tgw_sif, mainiacjoe_overflow_alcove_2,
          serial_shops, shop_coins

Skill      XL: |  1  2  3  4  5  6  7 |
---------------+----------------------+-----
Stealth        | 2 3 4 |  4.1
Ice Magic      | 4 5 6 |  6.1
Fighting       | 1 2 3 |  3.6
Summonings     | 1 2 3 |  3.0
Spellcasting   | 3 |  3.9
Dodging        | |  1.7

Action                     |  1- 3 |  4- 6 |  7- 9 || total
---------------------------+-------+-------+-------++-------
  Melee: Spear             |    31 |    25 |       ||    56
         Tailslap          |     3 |     7 |     1 ||    11
         Whip              |       |    58 |     5 ||    63
   Cast: Freeze            |    26 |    70 |    10 ||   106
         Frozen Ramparts   |       |     5 |     4 ||     9
         Summon Small Mamm |       |     2 |     1 ||     3
         Summon Ice Beast  |       |       |     5 ||     5
    Use: Scroll            |       |     9 |     1 ||    10
         Potion            |       |       |     1 ||     1
   Stab: Sleeping          |     7 |     4 |       ||    11
 Armour: Robe              |    15 |    56 |    17 ||    88
  Dodge: Dodged            |    16 |    54 |     8 ||    78
  Block: Other             |     5 |    22 |     2 ||    29

Table legend: (Time is in decaauts)
 A = Elapsed time spent in this place.
 B = Non-inter-level travel time spent in this place.
 C = Inter-level travel time spent in this place.
 D = Time resting spent in this place.
 E = Time spent auto-exploring this place.
 F = Levels seen in this place.
 G = Mean time per level.
                   A        B        C        D        E       F      G
               +--------+--------+--------+--------+--------+-----+--------+
         Total |   4798 |   4635 |    163 |    432 |   3261 |   6 |  799.7 |
       Dungeon |   4329 |   4166 |    163 |    342 |   3079 |   5 |  865.8 |
         Sewer |    469 |    469 |      0 |     90 |    182 |   1 |  469.0 |
               +--------+--------+--------+--------+--------+-----+--------+

Top non-repeatable levels by time:
     D:2: 1173 daAuts
     D:5: 951 daAuts
     D:3: 850 daAuts
     D:1: 693 daAuts
     D:4: 659 daAuts
   Sewer: 469 daAuts
